AoeStats
← Tahowsky_91

Arena

510358756Analyzed
3v3 RM · 1d ago on Sep 30, 2026· 62m 28s· 6 players
Game mode
Random Map
Map size
Normal (6 player)
Population
200
Speed
Normal
Resources
Standard
Victory
Conquest
Starting age
Dark Age
Ending age
Imperial Age
RankedLock teamsTeams togetherTeam positionsShared explorationLock speedFull tech treeHidden civsTurbo modeCheats
Victory
Defeat
🇳🇿 Teutons · New Zealand
1212
+19
🇨🇿 Varangians · Czechia
1162
+20
🇬🇧 Goths · United Kingdom
1160
+21
🇹🇷 Lithuanians · Türkiye
1427
-26
🇹🇷 Britons · Türkiye
1361
-24
🇹🇷 Magyars · Türkiye
1027
-10
SoulStrider6763
10:53 Feudal Age
12:35 Loom
15:21 Castle Age
15:59 Scale Barding Armor
16:59 Forging
20:17 Double-Bit Axe
22:40 Chain Barding Armor
23:04 Bloodlines
27:12 Iron Casting
27:03 Fletching
27:15 Scale Mail Armor
28:32 Ballistics
31:25 Wheelbarrow
30:36 Town Watch
30:52 Bodkin Arrow
31:31 Masonry
37:20 Imperial Age
35:33 Hand Cart
35:18 Town Patrol
35:32 Horse Collar
36:19 Gold Mining
36:19 Stone Mining
36:47 Chain Mail Armor
37:26 Cavalier
38:43 Plate Barding Armor
39:08 Blast Furnace
38:33 Conscription
41:48 Stone Shaft Mining
42:52 Siege Engineers
45:03 Hoardings
45:56 Fortified Wall
46:47 Chemistry
46:17 Heavy Plow
46:33 Bow Saw
45:48 Paladin
49:31 Crenellations
55:34 Heavy Scorpion
56:20 Town Patrol
59:40 Crop Rotation
59:50 Ironclad
Zelda
10:32 Feudal Age
16:34 Castle Age
15:15 Double-Bit Axe
19:50 Wheelbarrow
21:14 Loom
22:44 Bow Saw
23:36 Hand Cart
26:11 Horse Collar
30:13 Imperial Age
27:34 Arson
27:50 Squires
27:26 Pikeman
28:12 Scale Mail Armor
28:22 Forging
29:13 Heavy Plow
29:34 Chain Mail Armor
30:38 Elite Varangian Guard
31:53 Plate Mail Armor
32:05 Crop Rotation
33:24 Two-Man Saw
33:05 Iron Casting
33:10 Halberdier
35:18 Conscription
34:19 Gothikon
34:57 Gold Mining
38:23 Fortified Wall
42:58 Gambesons
43:38 Caravan
44:08 Coinage
43:50 Guilds
45:21 Capped Ram
49:28 Banking
48:37 Siege Ram
53:03 Siege Engineers
54:00 Chemistry
52:55 Fletching
54:06 Blast Furnace
61:09 Elite Jarl
62:20 Ballistics
61:56 Murder Holes
62:12 Careening
61:50 Town Watch
62:03 Bodkin Arrow
62:08 Padded Archer Armor
Flynxis
4:14 Loom
10:45 Feudal Age
15:35 Castle Age
13:46 Double-Bit Axe
14:52 Horse Collar
15:14 Gold Mining
17:51 Bow Saw
18:42 Heavy Plow
24:53 Wheelbarrow
30:07 Imperial Age
27:48 Scale Mail Armor
27:59 Forging
28:56 Chain Mail Armor
28:03 Man-at-Arms
28:08 Pikeman
28:48 Squires
29:23 Masonry
29:55 Iron Casting
30:59 Anarchy
31:09 Stone Mining
31:16 Loom
31:08 Halberdier
33:16 Blast Furnace
33:47 Two-Man Saw
33:19 Crop Rotation
33:07 Hand Cart
32:40 Town Watch
32:24 Elite Huskarl
33:35 Conscription
35:15 Town Patrol
35:09 Fletching
35:56 Architecture
35:47 Ballistics
36:28 Chemistry
37:46 Perfusion
47:14 Caravan
52:46 Scale Barding Armor
53:57 Bloodlines
53:47 Husbandry
53:08 Light Cavalry
54:13 Chain Barding Armor
56:28 Hussar
57:38 Bodkin Arrow
aragorn
4:57 Loom
11:07 Feudal Age
15:10 Castle Age
13:09 Double-Bit Axe
15:55 Wheelbarrow
15:57 Horse Collar
16:31 Loom
21:05 Bow Saw
21:43 Heavy Plow
23:20 Gold Mining
25:10 Gold Shaft Mining
27:12 Hand Cart
27:02 Stone Mining
32:02 Imperial Age
30:34 Bloodlines
30:24 Husbandry
30:19 Fletching
31:01 Bodkin Arrow
31:07 Padded Archer Armor
31:30 Corvinian Army
32:10 Thumb Ring
32:56 Leather Archer Armor
33:45 Chemistry
33:35 Ballistics
34:32 Two-Man Saw
34:13 Bracer
34:56 Ring Archer Armor
35:19 Parthian Tactics
36:38 Heavy Cavalry Archer
37:21 Recurve Bow
38:55 Murder Holes
40:45 Scale Barding Armor
44:37 Chain Barding Armor
44:58 Murder Holes
45:14 Masonry
45:54 Plate Barding Armor
50:00 Elite Magyar Huszar
55:45 Hoardings
58:25 Pikeman
58:52 Arson
60:10 Crossbowman
60:19 Elite Skirmisher
Tahowsky_91
10:49 Feudal Age
12:12 Double-Bit Axe
14:30 Castle Age
12:22 Horse Collar
16:19 Bow Saw
17:25 Heavy Plow
19:00 Husbandry
22:07 Wheelbarrow
23:24 Hand Cart
24:48 Stone Mining
24:49 Gold Mining
25:00 Heavy Plow
28:46 Imperial Age
26:23 Scale Barding Armor
26:40 Forging
27:25 Chain Barding Armor
27:38 Loom
27:38 Town Watch
29:01 Stone Shaft Mining
28:42 Bloodlines
29:31 Elite Leitis
30:47 Plate Barding Armor
31:12 Iron Casting
31:55 Conscription
32:33 Fletching
33:04 Ballistics
33:44 Chemistry
32:55 Masonry
32:27 Treadmill Crane
32:36 Treadmill Crane
33:17 Ballistics
33:58 Chemistry
33:08 Masonry
33:24 Bodkin Arrow
33:26 Murder Holes
35:27 Hoardings
34:55 Bracer
35:33 Coinage
36:56 Padded Archer Armor
37:28 Architecture
37:47 Scale Mail Armor
39:30 Squires
42:08 Banking
41:42 Man-at-Arms
43:02 Long Swordsman
43:50 Tower Shields
43:53 Two-Handed Swordsman
44:33 Champion
47:09 Chain Mail Armor
49:27 Leather Archer Armor
49:50 Capped Ram
53:31 Caravan
58:27 Ring Archer Armor
60:38 Guilds
BassMaverick
10:38 Feudal Age
11:36 Loom
15:21 Castle Age
14:30 Double-Bit Axe
15:27 Horse Collar
17:51 Fletching
19:27 Crossbowman
22:53 Bodkin Arrow
24:55 Padded Archer Armor
26:55 Pikeman
31:44 Wheelbarrow
32:01 Ballistics
36:39 Imperial Age
34:13 Town Watch
34:40 Stone Mining
36:02 Leather Archer Armor
35:43 Gold Mining
36:19 Bow Saw
36:22 Masonry
36:18 Squires
38:27 Chemistry
38:50 Architecture
39:03 Gold Shaft Mining
38:49 Capped Ram
40:22 Conscription
40:46 Arbalester
41:52 Bracer
43:35 Ring Archer Armor
45:25 Forging
45:16 Scale Mail Armor
47:14 Two-Man Saw
45:56 Halberdier
47:50 Chain Mail Armor
48:10 Iron Casting
49:14 Warwolf
49:59 Plate Mail Armor
51:14 Man-at-Arms
51:40 Gambesons
54:09 Hand Cart
55:44 Blast Furnace
59:56 Heavy Plow
Connection lost

Rejoining the realm…

Still unreachable

The connection could not be restored.

Session expired

The server has moved on; the page needs a fresh start.